[Event "Live Chess"]
[Site "Chess.com"]
[Date "2023.05.20"]
[Round "-"]
[White "EdenHazard8"]
[Black "JanMur7"]
[Result "0-1"]
[WhiteElo "2065"]
[BlackElo "1997"]
[TimeControl "300"]
[EndTime "13:53:01 PDT"]
[Termination "JanMur7 won by resignation"]

1. e4 e5 2. Nf3 Nc6 3. Bb5 Nf6 4. O-O Nxe4 5. d4 Nd6 6. Bxc6 dxc6 7. dxe5 Nf5 8. Qxd8+ Kxd8 9. Rd1+ Ke8 10. Nc3 Ne7 11. Be3 Bf5 12. Nd4 Bg6 13. f4 Nf5 14. Nxf5 Bxf5 15. Rd2 h5 16. Rad1 Be7 17. Rd7 Bxd7 0-1

[Event "Live Chess"]
[Site "Chess.com"]
[Date "2023.05.20"]
[Round "-"]
[White "anatoliy10912"]
[Black "domrobson"]
[Result "0-1"]
[WhiteElo "1554"]
[BlackElo "1782"]
[TimeControl "300"]
[EndTime "13:53:03 PDT"]
[Termination "domrobson won by resignation"]

1. e4 e5 2. Bc4 Nf6 3. d3 Nc6 4. Nc3 Bc5 5. a3 a6 6. Nf3 Ba7 7. h3 d6 8. O-O h6 9. Be3 O-O 10. Qd2 Kh7 11. Nd5 Nxd5 12. Bxd5 Ne7 13. Ba2 f5 14. exf5 Nxf5 15. Bxa7 Rxa7 16. Qe2 Ra8 17. Bd5 c6 18. Ba2 Nh4 19. Qe4+ Ng6 20. Nh4 Qxh4 21. Qxh4 Nxh4 0-1

[Event "Live Chess"]
[Site "Chess.com"]
[Date "2023.05.20"]
[Round "-"]
[White "diana21strabt"]
[Black "Stanbad1"]
[Result "0-1"]
[WhiteElo "1702"]
[BlackElo "2408"]
[TimeControl "300"]
[EndTime "13:53:06 PDT"]
[Termination "Stanbad1 won by checkmate"]

1. e4 d6 2. d4 Nf6 3. Nc3 g6 4. h3 Bg7 5. Be3 O-O 6. Qd2 c5 7. dxc5 dxc5 8. O-O-O Qa5 9. Nd5 Qxa2 10. Nxe7+ Kh8 11. Qd3 Qa1+ 12. Kd2 Qxb2 13. Bxc5 Be6 14. Nxg6+ hxg6 15. Bxf8 Bxf8 16. Qd8 Kg7 17. Nf3 Bb4+ 18.
Kd3 b5 19. Nd2 Bc4+ 20. Nxc4 bxc4+ 21. Ke3 Bc5+ 22. Kf3 Qxc2 23. Be2 Qxe4+ 24. Kg3 Qxe2 25. f3 Qf2+ 26. Kf4 Nh5+ 27. Ke4 Qe3+ 28. Kd5 Nf4+ 29. Kxc4 Qe6+ 30. Kxc5 Na6+ 31. Kb5 Rxd8 32. Rxd8 Qb6+ 33. Kc4 Qb4# 0-1

[Event "Live Chess"]
[Site "Chess.com"]
[Date "2023.05.20"]
[Round "-"]
[White "Pandreq"]
[Black "tuppyglossop"]
[Result "0-1"]
[WhiteElo "1274"]
[BlackElo "1635"]
[TimeControl "300"]
[EndTime "13:53:07 PDT"]
[Termination "tuppyglossop won on time"]

1. d4 d5 2. c4 e6 3. cxd5 exd5 4. Nc3 Nf6 5. Nf3 Be7 6. Bf4 c6 7. e3 Bg4 8. Be2 O-O 9. h3 Bh5 10. Nd2 Bxe2 11. Qxe2 Re8 12. O-O Qb6 13. Nb3 Nbd7 14. Na4 Qd8 15. Rac1 Nf8 16. Nac5 Bd6 17. Bxd6 Qxd6 18.
Nxb7 Qe7 19. N3c5 Rac8 20. Qa6 Ne4 21. Qxa7 Nxc5 22. Qxc5 Qxb7 23. b4 Ne6 24. Qc3 Ng5 25. Rb1 Ne4 26. Qc2 Ra8 27. Rfc1 Rec8 28. a4 h6 29. Qa2 Qa6 30. Ra1 Kh8 31. f3 Nd6 32. b5 cxb5 33. Rxc8+ Rxc8 34. Qxd5 bxa4 35. e4 Kg8 36. e5 Nf5 37. Qd7 Ne3 38. Qxa4 Qxa4 39. Rxa4 Nf5 40. d5 Kf8 41. d6 Ke8 42. g4 Nh4 43.
Kf2 Kd7 44. Kg3 Ng6 45. Ra7+ Ke6 46. f4 Rc3+ 47. Kg2 Nxf4+ 48. Kf1 Rd3 49. h4 Ng6 50. h5 Nxe5 51. Re7+ Kxd6 0-1

[Event "Live Chess"]
[Site "Chess.com"]
[Date "2023.05.20"]
[Round "-"]
[White "GEMdzq"]
[Black "toog"]
[Result "0-1"]
[WhiteElo "2221"]
[BlackElo "2615"]
[TimeControl "300"]
[EndTime "13:53:14 PDT"]
[Termination "toog won by checkmate"]

1. e4 e5 2. Nf3 d6 3. Bc4 Nf6 4.
d3 Be7 5. O-O O-O 6. Re1 c6 7.
Bb3 a5 8. a4 Na6 9. c3 h6 10.
Nbd2 Kh8 11. Nf1 Ng8 12. d4 Bf6 13. Ng3 Qc7 14. Be3 g6 15. Qd2 Bg7 16. Rad1 Bg4 17. dxe5 dxe5 18. Qd6 Qxd6 19. Rxd6 Bxf3 20. gxf3 Nf6 21.
Bxh6 Bxh6 22. Rxf6 Nc5 23. Ba2 Kg7 24. Rd6 Rad8 25.
Red1 Rxd6 26. Rxd6 Nxa4 27. Rd7 Nc5 28. Rc7 Bg5 29.
b4 Bd8 30. Rc8 axb4 31. cxb4 Na6 32. b5 cxb5 33. Bd5 Be7 34. Rc1 Nc5 35. Rb1 Ra8 36.
Rxb5 Ra1+ 37. Kg2 Nd3 38. Rxb7 Nf4# 0-1

[Event "Live Chess"]
[Site "Chess.com"]
[Date "2023.05.20"]
[Round "-"]
[White "AbilifyXL"]
[Black "Ed_Knox"]
[Result "1-0"]
[WhiteElo "1951"]
[BlackElo "1505"]
[TimeControl "300"]
[EndTime "13:53:23 PDT"]
[Termination "AbilifyXL won by checkmate"]

1. d4 g6 2. c4 Bg7 3. Nc3 d6 4. e4 e5 5. Nf3 Nd7 6. Be2 exd4 7. Nxd4 Nc5 8. O-O b6 9. Bf3 Bb7 10. Re1 Ne7 11. Bg5 O-O 12. Nd5 Bxd5 13. exd5 Re8 14. b4 Nd7 15. Nc6 Bxa1 16. Nxd8 f6 17. Qxa1 fxg5 18. Ne6 Nf5 19. g4 Rxe6 20. dxe6 Ne5 21. gxf5 Nxf3+ 22. Kg2 Nxe1+ 23. Qxe1 gxf5 24. Qe3 h6 25. h4 Re8 26. hxg5 hxg5 27. Qxg5+ Kf8 28. Qxf5+ Ke7 29.
Qf7+ Kd8 30. Qd7# 1-0

[Event "Live Chess"]
[Site "Chess.com"]
[Date "2023.05.20"]
[Round "-"]
[White "HoarseyHorsey"]
[Black "OSmith06"]
[Result "1-0"]
[WhiteElo "1416"]
[BlackElo "1649"]
[TimeControl "300"]
[EndTime "13:53:25 PDT"]
[Termination "HoarseyHorsey won by resignation"]

1. d4 Nf6 2. c4 e6 3. Nc3 Bb4 4. e3 d5 5. Nf3 O-O 6. Bd2 c5 7. cxd5 exd5 8. dxc5 Bxc5 9. Be2 Nc6 10. O-O Be6 11.
a3 Rc8 12. b4 Be7 13. Rc1 a5 14. b5 Bxa3 15. Ra1 Bb2 16. Ra2 Bxc3 17. Bxc3 Ne7 18.
Bxf6 gxf6 19. Nd4 b6 20. Rc2 Rxc2 21. Qxc2 Qc8 22. Nc6 Nxc6 23. bxc6 Qc7 24. Bb5 Rc8 25. Rc1 f5 26. Qa4 f6 27. Qh4 Kg7 28. Ra1 Qe5 29. Ra4 Qb2 30. Qg3+ Kf7 31. Bf1 Rxc6 32. Rh4 Ke7 33.
Rxh7+ Kd8 34. Qb8+ Bc8 35. h4 Qe5 36. Qa7 Qd6 37.
Rh8+ 1-0

[Event "Live Chess"]
[Site "Chess.com"]
[Date "2023.05.20"]
[Round "-"]
[White "AttackingSnowLeopard"]
[Black "flyingpuffins"]
[Result "1-0"]
[WhiteElo "2064"]
[BlackElo "1940"]
[TimeControl "300"]
[EndTime "13:53:57 PDT"]
[Termination "AttackingSnowLeopard won on time"]

1. d4 Nf6 2. Nf3 c6 3. Bf4 g6 4.
e3 Bg7 5. c4 O-O 6. Be2 d5 7.
O-O a6 8. c5 Nbd7 9. Nc3 Re8 10.
Ne5 Nxe5 11. Bxe5 Nd7 12. Bxg7 Kxg7 13. f4 b6 14. b4 bxc5 15. bxc5 Nf6 16. Bd3 a5 17. Rb1 Ba6 18. Rb6 Bxd3 19. Qxd3 Qc8 20. h3 Nd7 21. Rb2 Rb8 22. Rxb8 Qxb8 23. Rb1 Qc7 24.
e4 Rb8 25. Rxb8 Qxb8 26. exd5 cxd5 27. Nxd5 e6 28. c6 Nf8 29. Nc3 Qxf4 30. d5 exd5 31.
Ne2 Qd6 32. Nd4 Qc5 33. Kh2 Qd6+ 34. Kh1 Qc5 35. Qe3 Kg8 36. Qe5 h5 37. c7 Kh7 38.
Nf5 Ne6 39. Ne7 Qxc7 40. Qf6 Qc1+ 41. Kh2 Qf4+ 42. Qxf4 Nxf4 43. Nc6 Nd3 44. Nxa5 Nb4 45. a3 Nc2 46. a4 d4 47. Nc4 d3 48. a5 Nb4 49. Kg3 Kg7 50. Kf3 Kf8 51. Ke3 Ke7 52. Kd2 Kd7 53. Kc3 Kc7 54. Kxb4 Kb7 55. Kc3 Ka6 56.
Kxd3 Kb5 57. Kc3 f5 58. h4 g5 59. Nd6+ Kxa5 60. hxg5 Kb6 61. g6 Kc6 62. g7 Kxd6 63. g8=Q Ke5 64. Qh7 1-0

[Event "Live Chess"]
[Site "Chess.com"]
[Date "2023.05.20"]
[Round "-"]
[White "ViktorTheCoolBoy"]
[Black "LodeshChess"]
[Result "1-0"]
[WhiteElo "2498"]
[BlackElo "1098"]
[TimeControl "300"]
[EndTime "13:54:01 PDT"]
[Termination "ViktorTheCoolBoy won by resignation"]

1. d4 Nf6 2. c4 e6 3. Nc3 Bb4 4.
e3 Bxc3+ 5. bxc3 b6 6. Bd3 Bb7 7. f3 d6 8. Ne2 Nbd7 9. O-O c5 10.
e4 O-O 11. Be3 Re8 12. a4 Qc7 13. a5 e5 14. Qb3 Qb8 15. Rfb1 Bc8 16. Ng3 Ba6 17. Ra3 Nh5 18. Nxh5 Re6 19. Ng3 Rg6 20. Rba1 Bc8 21. axb6 Nxb6 22. dxc5 dxc5 23. Bxc5 Bd7 24. Bf2 h6 25. c5 Nc8 26. Qxb8 Rxb8 27. Nf5 Kf8 28. Ba6 Rb2 29. Bxc8 Bxc8 30. R3a2 Rxa2 31. Rxa2 Bxf5 32. exf5 Rf6 33. g4 Rc6 34. Rxa7 f6 35. Kf1 Ke8 36. Ke2 Kf8 37. Kd3 Rc8 38. Kc4 Rb8 39. c6 Rc8 40. Kd5 Rd8+ 41. Rd7 1-0

[Event "Live Chess"]
[Site "Chess.com"]
[Date "2023.05.20"]
[Round "-"]
[White "ameetghasi100"]
[Black "MaximKris"]
[Result "1-0"]
[WhiteElo "2687"]
[BlackElo "1856"]
[TimeControl "300"]
[EndTime "13:54:01 PDT"]
[Termination "ameetghasi100 won by checkmate"]

1. d4 d5 2. c4 e6 3. Nc3 Nf6 4. Nf3 Bb4 5. Bg5 Bxc3+ 6. bxc3 h6 7. Bxf6 Qxf6 8. e3 dxc4 9. Bxc4 Nc6 10. O-O O-O 11. a4 Bd7 12. Bb5 a6 13. Bxc6 Bxc6 14. Ne5 Rfe8 15. Rb1 Rad8 16. Qe2 Be4 17. Rb2 c5 18. f3 cxd4 19. cxd4 Bc6 20. Rfb1 Qe7 21. a5 f6 22. Nxc6 bxc6 23. Rb7 Qa3 24. Rc7 Qxa5 25.
Rbb7 Qg5 26. h4 Qg6 27. h5 Qg5 28. Qd3 Rb8 29. Rxg7+ Qxg7 30. Rxg7+ Kxg7 31. Qg6+ Kh8 32. Qxf6+ Kg8 33. Qg6+ Kf8 34. Qxh6+ Ke7 35. Qg7+ Kd6 36.
h6 Rg8 37. Qe5+ Kd7 38. h7 Rh8 39. Qg7+ Kd6 40. g4 Rb1+ 41. Kg2 Rbb8 42. Kg3 Rbf8 43. g5 Ra8 44. g6 Raf8 45. Qe5+ Kd7 46. g7 Rf7 47.
gxh8=Q Rxh7 48. Qxh7+ Kc8 49. Qec7# 1-0

[Event "Live Chess"]
[Site "Chess.com"]
[Date "2023.05.20"]
[Round "-"]
[White "SupremeTactician"]
[Black "Duke_of_Bebington"]
[Result "1-0"]
[WhiteElo "2377"]
[BlackElo "1586"]
[TimeControl "300"]
[EndTime "13:54:01 PDT"]
[Termination "SupremeTactician won by resignation"]

1. e4 e5 2. Nf3 Nf6 3. Nc3 Nc6 4. Bb5 Nd4 5. Nxe5 Nxb5 6. Nxb5 d6 7. Nf3 Nxe4 8. Qe2 Qe7 9. d3 Nf6 10. Nxc7+ Kd8 11.
Qxe7+ Bxe7 12. Nxa8 Bg4 13. Be3 Kd7 14. Nb6+ axb6 15.
Bxb6 Re8 16. O-O Bxf3 17. gxf3 Nh5 18. a4 Bf6 19. c3 Nf4 20. Rfd1 Re5 21. a5 Rg5+ 22.
Kf1 Rg2 23. Be3 Rxh2 24. Bxf4 Rh1+ 25. Ke2 1-0

[Event "Live Chess"]
[Site "Chess.com"]
[Date "2023.05.20"]
[Round "-"]
[White "siddu198"]
[Black "Missedidea"]
[Result "1-0"]
[WhiteElo "1642"]
[BlackElo "1757"]
[TimeControl "300"]
[EndTime "13:54:02 PDT"]
[Termination "siddu198 won on time"]

1. e4 c5 2. c3 Nf6 3. e5 Nd5 4.
d4 cxd4 5. cxd4 Nc6 6. Bc4 Nb6 7. b3 d6 8. Qf3 e6 9. d5 Nxe5 10. Bb5+ Bd7 11. Bxd7+ Qxd7 12. Qd1 Nxd5 13. Nf3 Nc6 14. O-O Be7 15. Re1 O-O 16. Bg5 Bxg5 17. Nxg5 h6 18. Nf3 Rae8 19. Nbd2 f5 20. Nc4 b5 21. Ne3 Nf4 22.
Rc1 g5 23. h3 e5 24. g3 Nxh3+ 25. Kg2 g4 26. Nh4 Ne7 27. Nc2 Ng5 28. Nb4 f4 29. Rxe5 f3+ 30. Kh2 Nf5 31. Rxe8 Qxe8 32. Qd5+ Qe6 33.
Nxf5 Qxd5 34. Nxd5 Rxf5 35. Ne7+ Kf7 36. Nxf5 h5 37.
Nxd6+ Ke6 38. Nxb5 Ne4 39. Re1 Kd5 40. Nc7+ Kd4 41.
Ne6+ Kd3 42. Nf4+ Kd4 43. Nxh5 Nxf2 44. Nf6 Nd3 45. Rd1 f2 46. Nxg4 Kc3 47. Rxd3+ 1-0

[Event "Live Chess"]
[Site "Chess.com"]
[Date "2023.05.20"]
[Round "-"]
[White "trekker123"]
[Black "raminguy"]
[Result "1-0"]
[WhiteElo "2095"]
[BlackElo "1959"]
[TimeControl "300"]
[EndTime "13:54:12 PDT"]
[Termination "trekker123 won by resignation"]

1. d4 d5 2. Nf3 Nf6 3. c4 e6 4. g3 Be7 5. Bg2 O-O 6. Qc2 a6 7. Nbd2 c6 8. O-O Nbd7 9. b3 Re8 10. Bb2 Nf8 11. e4 dxe4 12. Nxe4 Nxe4 13. Qxe4 Nd7 14.
Rad1 Nf6 15. Qe2 Qc7 16. Ne5 a5 17. a3 a4 18. b4 Ra6 19. h4 Rb6 20. h5 h6 21.
Rfe1 Ra6 22. Bf3 Ra8 23. Bc1 b5 24. Bxc6 Bb7 25. cxb5 Rf8 26. Bf4 Qb6 27. Qf3 Nd5 28. Bxb7 Qxb7 29. Nc6 Qxb5 30. Nxe7+ Nxe7 31. Bd6 Rfe8 1-0

[Event "Live Chess"]
[Site "Chess.com"]
[Date "2023.05.20"]
[Round "-"]
[White "JoshMcK"]
[Black "Nazar_777"]
[Result "0-1"]
[WhiteElo "1568"]
[BlackElo "1611"]
[TimeControl "300"]
[EndTime "13:54:16 PDT"]
[Termination "Nazar_777 won by resignation"]

1. e4 e6 2. d4 a6 3. Nf3 h5 4. Nc3 c5 5. d5 Nf6 6. dxe6 fxe6 7. e5 Ng4 8. h3 Nh6 9. Bd3 Qc7 10. Bg6+ Kd8 11. Bg5+ Be7 12. Bxe7+ Kxe7 13. Qd2 Nc6 14. Qg5+ Kf8 15. Qf4+ Kg8 16. Ng5 Qxe5+ 17. Qxe5 Nxe5 18. O-O-O Nxg6 0-1

[Event "Live Chess"]
[Site "Chess.com"]
[Date "2023.05.20"]
[Round "-"]
[White "LL220284LL"]
[Black "defenderalist"]
[Result "1-0"]
[WhiteElo "2391"]
[BlackElo "1612"]
[TimeControl "300"]
[EndTime "13:54:28 PDT"]
[Termination "LL220284LL won by checkmate"]

1. d4 Nf6 2. Nc3 e6 3. Bf4 d5 4. e3 Nbd7 5. Nf3 Be7 6. Bd3 b6 7. O-O Bb7 8. h3 O-O 9. Ne2 c5 10. c3 c4 11. Bc2 Ne8 12. Ne5 Nxe5 13. Bxe5 f6 14. Bh2 Bd6 15. Nf4 e5 16. Qh5 e4 17.
f3 f5 18. fxe4 fxe4 19. Ne6 Rxf1+ 20. Rxf1 Bxh2+ 21. Kxh2 Qd6+ 22. Nf4 Nf6 23. Qf5 Rf8 24. Kg1 Bc8 25. Qg5 h6 26. Qg3 g5 27. Nh5 Qxg3 28. Nxg3 Kg7 29. b3 b5 30. bxc4 bxc4 31.
Rb1 a6 32. Rb6 Re8 33. Ba4 Rf8 34. Bc6 Bd7 35. Bxd7 Nxd7 36. Rxa6 Rb8 37. Ra7 Rd8 38. Nf5+ Kf6 39. Nxh6 Nb6 40. Ra6 Rb8 41. Ng4+ Kf5 42. a4 Nd7 43. Nh6# 1-0

[Event "Live Chess"]
[Site "Chess.com"]
[Date "2023.05.20"]
[Round "-"]
[White "fso"]
[Black "wot-not"]
[Result "1-0"]
[WhiteElo "2247"]
[BlackElo "1511"]
[TimeControl "300"]
[EndTime "13:54:33 PDT"]
[Termination "fso won by resignation"]

1. e4 e5 2. f4 d6 3. Nf3 f5 4. Bc4 fxe4 5. Nxe5 Nf6 6. Nf7 Qe7 7. Nxh8 d5 8. Be2 Nc6 9. O-O Nd4 10. d3 Nxe2+ 11.
Qxe2 Bg4 12. Qe1 O-O-O 13. Nc3 Qc5+ 14. Kh1 Bh5 15. dxe4 Nxe4 16. Nxe4 dxe4 17. Qxe4 Bd6 18. Be3 Qb5 19. c4 Qa5 20. c5 Bxc5 21. Qf5+ Kb8 22. Qxh5 Rxh8 23. Qxc5 1-0

[Event "Live Chess"]
[Site "Chess.com"]
[Date "2023.05.20"]
[Round "-"]
[White "Conradical12"]
[Black "luckywookie"]
[Result "1-0"]
[WhiteElo "1569"]
[BlackElo "743"]
[TimeControl "300"]
[EndTime "13:54:44 PDT"]
[Termination "Conradical12 won by checkmate"]

1. e4 c6 2. Nf3 d5 3. exd5 cxd5 4. c4 dxc4 5. Bxc4 Nf6 6. O-O Nc6 7. Re1 e6 8. Nc3 Bc5 9. d4 Bb4 10. a3 Bxc3 11. bxc3 O-O 12. Bd3 Re8 13. Bg5 Qc7 14. Bxf6 gxf6 15. d5 Ne7 16. dxe6 fxe6 17. Bc2 Kf7 18.
Qd3 Rf8 19. Qxh7+ Ke8 20. Bg6+ Kd8 21. Rad1+ Bd7 22. Qg7 Rg8 23. Qf7 Rxg6 24. Qf8# 1-0

[Event "Live Chess"]
[Site "Chess.com"]
[Date "2023.05.20"]
[Round "-"]
[White "tehanu"]
[Black "YrrriKharkiv"]
[Result "0-1"]
[WhiteElo "1119"]
[BlackElo "2069"]
[TimeControl "300"]
[EndTime "13:54:45 PDT"]
[Termination "YrrriKharkiv won on time"]

1. e4 e6 2. d4 d5 3. e5 c5 4. c3 Qa5 5. Nf3 cxd4 6. Nxd4 Nc6 7. Nxc6 bxc6 8. Qb3 Qc7 9. Be2 Qxe5 10. Qa4 Qc7 11.
Nd2 Bd7 12. Nb3 Nf6 13. Nd4 e5 14. Nc2 Bd6 15. O-O e4 0-1

[Event "Live Chess"]
[Site "Chess.com"]
[Date "2023.05.20"]
[Round "-"]
[White "lordjimvi"]
[Black "GEMdzq"]
[Result "0-1"]
[WhiteElo "391"]
[BlackElo "2221"]
[TimeControl "300"]
[EndTime "13:54:47 PDT"]
[Termination "GEMdzq won by resignation"]

1. f4 g6 2. Nf3 Bg7 3. Ng5 h6 4. Ne4 d5 5. Nec3 c5 6. e4 d4 7. Nd5 e6 8. Ne3 dxe3 9. dxe3 Qxd1+ 10. Kxd1 Nf6 11. Nc3 Nc6 12. e5 Nd5 13. Nxd5 exd5 14. Bb5 0-1

[Event "Live Chess"]
[Site "Chess.com"]
[Date "2023.05.20"]
[Round "-"]
[White "LiamClery2020"]
[Black "1600x"]
[Result "1/2-1/2"]
[WhiteElo "2084"]
[BlackElo "1791"]
[TimeControl "300"]
[EndTime "13:54:52 PDT"]
[Termination "Game drawn by agreement"]

1. e4 b6 2. d4 Nc6 3. d5 Na5 4. b4 Nb7 5. a3 a5 6. b5 Nc5 7. Nf3 Nxe4 8. Bd3 Nc5 9. O-O Nf6 10. Bg5 e6 11. Re1 Bb7 12. Nc3 Be7 13. dxe6 fxe6 14. Bxf6 Bxf6 15. Qd2 Bxf3 16. gxf3 O-O 17. Kh1 Bg5 18.
Qe2 Nxd3 19. Qxd3 Bf4 20. Rad1 Qh4 21. Kg1 Qh3 1/2-1/2

[Event "Live Chess"]
[Site "Chess.com"]
[Date "2023.05.20"]
[Round "-"]
[White "weibs440"]
[Black "Doge_Dandolo"]
[Result "0-1"]
[WhiteElo "927"]
[BlackElo "2008"]
[TimeControl "300"]
[EndTime "13:54:55 PDT"]
[Termination "Doge_Dandolo won by resignation"]

1. e4 c6 2. d4 d5 3. f3 dxe4 4. fxe4 e5 5. Nf3 Bg4 6. Bc4 Nd7 7. O-O Ngf6 8. Bg5 Bd6 9. c3 Qc7 10. Nbd2 O-O-O 11. h3 Bh5 12. Qe1 h6 13. Bh4 g5 14.
Bg3 g4 15. hxg4 Nxg4 16. b4 exd4 17. Nxd4 Bxg3 18. Qb1 Bf2+ 19. Rxf2 Qh2+ 20. Kf1 Qh1+ 21. Ke2 Nxf2+ 22. Kxf2 Qh4+ 23. Kg1 Ne5 24. Nf1 Nxc4 0-1

[Event "Live Chess"]
[Site "Chess.com"]
[Date "2023.05.20"]
[Round "-"]
[White "manthanit"]
[Black "chessfiction"]
[Result "0-1"]
[WhiteElo "1017"]
[BlackElo "2390"]
[TimeControl "300"]
[EndTime "13:55:01 PDT"]
[Termination "chessfiction won by checkmate"]

1. e4 e6 2. Nf3 d5 3. exd5 exd5 4. d4 Nf6 5. h3 Bd6 6. c3 Nc6 7. Bg5 Be6 8. Bd3 Qd7 9. Nbd2 O-O-O 10. Bb5 Rde8 11.
a4 Bxh3+ 12. Be2 Bxg2 13. Rh2 Qg4 14. Rxg2 Qxg2 15. Qc2 Ne4 16. O-O-O Nxg5 17. Qb3 Rxe2 18. Rg1 Qxf3 19. Nxf3 Nxf3 20. Rxg7 Bf4+ 21. Kd1 Rd2+ 22. Kc1 Rxf2+ 23. Kb1 Nd2+ 24. Ka2 Nxb3 25. Kxb3 Re8 26. Rxf7 Ree2 27. Rxh7 Rxb2+ 28. Ka3 Ra2+ 29. Kb3 Rfb2# 0-1

[Event "Live Chess"]
[Site "Chess.com"]
[Date "2023.05.20"]
[Round "-"]
[White "VovaOvchar1990"]
[Black "Olisingapore"]
[Result "1-0"]
[WhiteElo "1227"]
[BlackElo "1868"]
[TimeControl "300"]
[EndTime "13:55:08 PDT"]
[Termination "VovaOvchar1990 won by resignation"]

1. g3 d5 2. Bg2 c5 3. Nc3 Nc6 4.
Nxd5 Nf6 5. Nxf6+ exf6 6. c3 Be7 7. Qa4 O-O 8. Bxc6 bxc6 9. Qxc6 Bg4 10. Nf3 Re8 11.
Qe4 Bh3 12. Qh4 Bg2 13. Rg1 Bxf3 14. exf3 f5 15. Qh3 Bg5+ 16. Kf1 Qd3+ 17. Kg2 Re2 18.
b3 Rae8 19. Rf1 R8e6 20. Qh5 Bxd2 21. Bxd2 Qxd2 22. Qxf5 g6 23. Qxc5 Rd6 24. Rad1 Rxf2+ 25. Qxf2 Qxf2+ 26. Kxf2 Ra6 27. a4 Rc6 28. Rd3 Rb6 29.
c4 a5 30. Rc1 Rc6 31. c5 Kf8 32. Rd6 Rc7 33. c6 Ke7 34. Rd7+ Rxd7 35. cxd7 Kxd7 36.
Ke3 Kd6 37. Kf4 f6 38. g4 Kd5 39. h4 Kd4 40. g5 f5 41. h5 gxh5 42. Kxf5 1-0

[Event "Live Chess"]
[Site "Chess.com"]
[Date "2023.05.20"]
[Round "-"]
[White "parcellforce"]
[Black "WelshTiger"]
[Result "0-1"]
[WhiteElo "1384"]
[BlackElo "2396"]
[TimeControl "300"]
[EndTime "13:55:11 PDT"]
[Termination "WelshTiger won by resignation"]

1. d4 d5 2. c4 e6 3. Nf3 Nf6 4. Nc3 c5 5. Bg5 Be7 6. e3 Nc6 7. cxd5 exd5 8. Bb5 O-O 9. Bxc6 bxc6 10. O-O h6 11. Bh4 Be6 12. Ne5 Qb6 13. Qb3 Rac8 14. Qxb6 axb6 15. f4 c4 16. Bxf6 Bxf6 17. g4 Bxe5 18.
f5 Bf6 19. fxe6 fxe6 20. Rf3 b5 21. Raf1 b4 22. Nd1 c5 23. dxc5 Rxc5 24. h4 c3 25. bxc3 bxc3 26. g5 hxg5 27. hxg5 Be7 28. Rxf8+ Bxf8 29. e4 d4 30. Nf2 Rxg5+ 31. Kh2 Bd6+ 32.
Kh3 Rg3+ 33. Kh4 Rf3 34. Kg4 Rf4+ 35. Kh3 c2 36. Kg2 Rxf2+ 37. Kxf2 Bf4 38. Ke2 c1=Q 39. Rxc1 Bxc1 40. a4 Ba3 41. Kd3 Bc5 42. e5 g5 0-1

[Event "Live Chess"]
[Site "Chess.com"]
[Date "2023.05.20"]
[Round "-"]
[White "Greenbecker"]
[Black "elvenstar"]
[Result "1-0"]
[WhiteElo "1649"]
[BlackElo "1582"]
[TimeControl "300"]
[EndTime "13:55:30 PDT"]
[Termination "Greenbecker won by resignation"]

1. e4 d5 2. exd5 Nf6 3. Nf3 e6 4. Nc3 exd5 5. d4 Be6 6. Bg5 Be7 7. Bd3 h6 8. Bh4 c6 9. O-O O-O 10. Re1 Nbd7 11. Ne5 Re8 12. Nxd7 Qxd7 13. Qf3 Bg4 14.
Qe3 Bd6 15. Qd2 Bc7 16. Bxf6 gxf6 17. Qxh6 Bf5 18. Qxf6 Bxd3 19. cxd3 Re6 20. Rxe6 fxe6 21. Re1 Re8 22. Qg5+ Kf7 23. Re3 Rf8 24. Rf3+ Ke8 25.
Qg6+ 1-0

[Event "Live Chess"]
[Site "Chess.com"]
[Date "2023.05.20"]
[Round "-"]
[White "JoeyCage"]
[Black "chrisbradgate"]
[Result "1-0"]
[WhiteElo "2310"]
[BlackElo "863"]
[TimeControl "300"]
[EndTime "13:55:40 PDT"]
[Termination "JoeyCage won by checkmate"]

1. e4 e5 2. Nf3 Nc6 3. Bb5 a6 4. Bxc6 bxc6 5. d4 exd4 6. Qxd4 Be7 7. Qxg7 Bf6 8. Qg3 Qe7 9. O-O d6 10. Re1 Bb7 11. e5 O-O-O 12. exf6 Qxf6 13. Nc3 c5 14.
Bg5 Qg7 15. Bxd8 Qxg3 16. hxg3 Kxd8 17. Ng5 Ne7 18. Nxf7+ Ke8 19. Nxh8 Kf8 20. Re2 c6 21. Rae1 Nf5 22. g4 Nd4 23. Re7 Nxc2 24. Rf7+ Kg8 25. Re8# 1-0

[Event "Live Chess"]
[Site "Chess.com"]
[Date "2023.05.20"]
[Round "-"]
[White "MaximKris"]
[Black "SupremeTactician"]
[Result "0-1"]
[WhiteElo "1855"]
[BlackElo "2378"]
[TimeControl "300"]
[EndTime "13:55:45 PDT"]
[Termination "SupremeTactician won by checkmate"]

1. e4 e5 2. Nf3 Nc6 3. Bb5 a6 4.
Bxc6 dxc6 5. O-O f6 6. Nc3 Bd6 7. d3 Ne7 8. Be3 O-O 9. d4 exd4 10. Nxd4 Ng6 11. Qd2 Re8 12. Rad1 Qe7 13. Nf5 Bxf5 14. exf5 Ne5 15. Ne4 Nc4 16. Nxd6 Nxd2 17. Nxe8 Nxf1 18.
Nxf6+ gxf6 19. Rxf1 Rd8 20. Re1 Qb4 21. Rf1 Qxb2 22. h3 Qxc2 23. g3 b5 24. Kh2 c5 25.
Kg2 Qe4+ 26. f3 Qxe3 27. g4 Rd2+ 28. Kg3 Qe5+ 29. f4 Qe3+ 30. Kh4 Rh2 31. g5 Qxh3# 0-1

[Event "Live Chess"]
[Site "Chess.com"]
[Date "2023.05.20"]
[Round "-"]
[White "KGreenGator"]
[Black "Long1968"]
[Result "1-0"]
[WhiteElo "1771"]
[BlackElo "1074"]
[TimeControl "300"]
[EndTime "13:55:47 PDT"]
[Termination "KGreenGator won on time"]

1. c4 e5 2. Nc3 b5 3. Nxb5 c6 4. Nc3 d5 5. cxd5 cxd5 6. d4 e4 7. e3 Nf6 8. Qb3 Qa5 9. Bb5+ Bd7 10. Bxd7+ Nbxd7 11. Ne2 Rb8 12. Qc2 Bb4 13. Bd2 O-O 14.
O-O Rfc8 15. Rfc1 Nb6 16. a3 Bxc3 17. Bxc3 Qa6 18. Qd2 Nc4 19. Qe1 Rb7 20. b4 Rbc7 21. h3 Qb6 22. a4 Nd6 23. Bb2 1-0

[Event "Live Chess"]
[Site "Chess.com"]
[Date "2023.05.20"]
[Round "-"]
[White "Conradical12"]
[Black "lordjimvi"]
[Result "1-0"]
[WhiteElo "1569"]
[BlackElo "391"]
[TimeControl "300"]
[EndTime "13:55:50 PDT"]
[Termination "Conradical12 won by resignation"]

1. e4 d5 2. exd5 Qxd5 3. Nc3 Qe6+ 4. Be2 Nf6 5. Nf3 Ng4 6. Nb5 Qd7 7. O-O c6 8. Nbd4 Nf6 9. c3 c5 10. Bb5 Nc6 11.
Ne5 a6 12. Nxd7 1-0

[Event "Live Chess"]
[Site "Chess.com"]
[Date "2023.05.20"]
[Round "-"]
[White "EdenHazard8"]
[Black "domrobson"]
[Result "1-0"]
[WhiteElo "2068"]
[BlackElo "1779"]
[TimeControl "300"]
[EndTime "13:56:04 PDT"]
[Termination "EdenHazard8 won by resignation"]

1. e4 e5 2. Nf3 Nc6 3. Bc4 Nf6 4. Ng5 d5 5. exd5 Na5 6. Bb5+ Bd7 7. Bxd7+ Qxd7 8. Nc3 Nxd5 9. O-O O-O-O 10. Re1 f6 11. Nf3 g5 12. Ne4 Bg7 13. d3 h6 14.
c4 Nf4 15. Bxf4 gxf4 16. Nc5 Qd6 17. b4 Nc6 18. a3 f5 19. Nh4 Rhf8 20. Qh5 b6 21. Nxf5 Rxf5 22. Qxf5+ Kb8 23. Ne6 1-0

[Event "Live Chess"]
[Site "Chess.com"]
[Date "2023.05.20"]
[Round "-"]
[White "Pandreq"]
[Black "Brooms1989"]
[Result "0-1"]
[WhiteElo "1261"]
[BlackElo "1031"]
[TimeControl "300"]
[EndTime "13:56:04 PDT"]
[Termination "Brooms1989 won by checkmate"]

1. d4 Nf6 2. c4 g6 3. Nc3 Bg7 4. Bg5 O-O 5. e3 h6 6. Bh4 d6 7. b4 c5 8. bxc5 dxc5 9. d5 Qa5 10. Qc1 Ne4 11. Bxe7 Bxc3+ 12. Kd1 Re8 13. Rb1 Nxf2+ 14.
Ke2 Nxh1 15. d6 Qxa2+ 16. Kd1 Nf2# 0-1

[Event "Live Chess"]
[Site "Chess.com"]
[Date "2023.05.20"]
[Round "-"]
[White "Singapourfeuj"]
[Black "Jeffaroow"]
[Result "1-0"]
[WhiteElo "2243"]
[BlackElo "468"]
[TimeControl "300"]
[EndTime "13:56:06 PDT"]
[Termination "Singapourfeuj won by resignation"]

1. d4 d5 2. c4 Nf6 3. Nf3 c6 4. Nc3 Be6 5. cxd5 Nxd5 6. e4 Nxc3 7. bxc3 Na6 8. Be3 g6 9. Be2 Bg7 10. Ng5 Bc8 11. O-O O-O 12. e5 c5 13. Bc4 e6 14. Ne4 cxd4 15. cxd4 Nb4 16. Bg5 Qb6 17. Rb1 Rd8 18. Bxd8 Qxd8 19. Rxb4 f5 20. exf6 Bxf6 21. Nxf6+ Qxf6 22. d5 exd5 23. Qxd5+ Kh8 24. Re1 Be6 25. Rxe6 Qa1+ 26. Bf1 Rc8 27. Rbe4 Kg7 28. Qe5+ Kh6 29. Qxa1 1-0